 Dungeon Crawl Stone Soup version 0.31.0-32-g396128a36d (webtiles) character file.

Game seed: 7861363519631490129

33 Peloso the Trooper (level 3, -2/33 HPs)
             Began as a Minotaur Fighter on Mar 15, 2024.
             Killed from afar by Natasha (8 damage)
             ... with a magic dart
             ... on level 2 of the Dungeon.
             The game lasted 00:01:41 (1070 turns).

Peloso the Trooper (Minotaur Fighter)               Turns: 1070, Time: 00:01:42

Health: -2/33      AC:  9    Str: 20    XL:     3   Next: 12%
Magic:  2/2        EV:  7    Int:  5    God:
Gold:   62         SH:  4    Dex: 11    Spells: 2/2 levels left

rFire   . . .        a - +0 long sword
rCold   . . .        d - +0 buckler
rNeg    . . .        c - +0 chain mail
rPois   .            (helmet restricted)
rElec   .            (no cloak)
rCorr   .            (no gloves)
SInv    .            (no boots)
Will    .....        (no amulet) Stlth
                     (no ring)
HPRegen 0.25/turn    (no ring)
MPRegen 0.08/turn

%: no passive effects
@: slowed, very slow
A: horns 2, retaliatory headbutt
a: no special abilities


You were on level 2 of the Dungeon.
You visited 1 branch of the dungeon, and saw 2 of its levels.

You collected 62 gold pieces.

Inventory:

Hand Weapons
 a - a +0 long sword (weapon)
Armour
 b - a +0 scale mail
 c - a +0 chain mail (worn)
 d - a +0 buckler (worn)
Jewellery
 g - an amulet of magic regeneration
Scrolls
 h - a scroll of enchant weapon
Potions
 f - a potion of might


   Skills:
 + Level 4.2 Fighting
 + Level 3.0 Long Blades
 + Level 3.7 Armour
 + Level 0.5 Dodging
 + Level 4.1 Shields


You had 2 spell levels left.
You didn't know any spells.
Your spell library contained the following spells:

 Spells                   Type           Power      Damage    Failure   Level
 Summon Small Mammal      Summ           0%         N/A       99%         1
 Call Canine Familiar     Summ           0%         N/A       100%        3
 Summon Blazeheart Golem  Fire/Summ      0%         N/A       100%        4


Dungeon Overview and Level Annotations

Branches:
Dungeon (2/15)

Altars:

Annotations:
D:2 Natasha


Innate Abilities, Weirdness & Mutations

You have a pair of horns on your head.
You reflexively headbutt those who attack you in melee.


Message History

Natasha is moderately wounded.
You block the cerulean imp's attack. The cerulean imp completely misses you.
Natasha claws you.
The cerulean imp hits you but does no damage.
The cerulean imp hits you from afar with a +4 spear.
Natasha casts a spell at you.
The magic dart hits you but does no damage.
You barely miss Natasha. Your headbutt misses Natasha.
Natasha is moderately wounded.
The cerulean imp hits you but does no damage.
The cerulean imp hits you from afar with a +4 spear.
* * * LOW HITPOINT WARNING * * *
You block Natasha's attack.
The cerulean imp hits you with a +1 spear.
* * * LOW HITPOINT WARNING * * *
The cerulean imp barely misses you. You block Natasha's attack.
You closely miss Natasha.
Natasha is moderately wounded.
The cerulean imp hits you but does no damage. x2
You block Natasha's attack.
The cerulean imp hits you but does no damage.
The cerulean imp completely misses you. You block Natasha's attack.
Unknown command.
You closely miss Natasha. Your headbutt misses Natasha.
Natasha is moderately wounded.
The cerulean imp barely misses you. You furiously retaliate!
You headbutt the cerulean imp.
The cerulean imp hits you but does no damage.
Natasha claws you but does no damage.
The cerulean imp hits you but does no damage.
The cerulean imp hits you from afar with a +4 spear.
* * * LOW HITPOINT WARNING * * *
You closely miss Natasha.
Natasha is moderately wounded.
Natasha wildly gestures.
Natasha glows brightly for a moment.
Natasha stares at you and mumbles some strange words.
The magic dart hits you!
You die...
Natasha begins licking her fur clean.

########### ##### #.........#
#...#######....5....######
#...'.....+.5h@...........
#...#######.......>.##
#....##############.#
#.<...#..)..........#
#.....#.###########.#
#.....#.#.......# #...
#.....#.#.#####################
#.............###.............<
#...###.#.#..............######


You could see Natasha and 2 cerulean imps.

Vanquished Creatures
  A dart slug (D:1)
  3 endoplasms (D:1)
  6 goblins (D:1)
  3 hobgoblins (D:1)
  3 kobolds (D:1)
  A quokka (D:1)
  5 bats (D:1)
  2 frilled lizards (D:1)
  4 rats (D:1)
28 creatures vanquished.

Notes
Turn   | Place    | Note
-------+----------+-------------------------------------------
     0 | D:1      | Peloso the Minotaur Fighter began the quest for the Orb.
     0 | D:1      | Reached XP level 1. HP: 19/19 MP: 0/0
   178 | D:1      | Reached XP level 2. HP: 27/27 MP: 1/1
   715 | D:1      | Reached XP level 3. HP: 33/33 MP: 2/2
  1058 | D:2      | Noticed Natasha
  1070 | D:2      | Killed from afar by Natasha

Illustrated notes

Levels and vault maps discovered:
D:1:      lemuel_arrival_hallway, layout_loops_ring,
          amcnicky_mini_corridor_feature, roderic_lattice_a,
          minmay_misc_feat_more_columns
D:2:      layout_basic, ebering_ecumenical_altar_rust, uniq_natasha

Skill      XL: |  1  2  3 |
---------------+----------+-----
Fighting       | 4 |  4.2
Shields        | 4 |  4.1
Long Blades    | 3 |  3.0
Armour         | |  3.7
Dodging        | |  0.5

Action                     || total
---------------------------++-------
  Melee: Long sword        ||    85
         Headbutt          ||     8
    Use: Potion            ||     1
         Scroll            ||     1
 Armour: Scale mail        ||    31
         Chain mail        ||    61
  Dodge: Dodged            ||    46
  Block: Buckler           ||    33
